AoeStats
← 海霸天

Black Forest

510025701Analyzed
3v3 RM · 4d ago on Sep 29, 2026· 57m 8s· 6 players
Game mode
Random Map
Map size
Normal (6 player)
Population
200
Speed
Normal
Resources
Standard
Victory
Conquest
Starting age
Dark Age
Ending age
Imperial Age
RankedLock teamsTeams togetherTeam positionsShared explorationLock speedFull tech treeHidden civsTurbo modeCheats
Victory
Defeat
🇦🇷 Spanish · Argentina
716
+10
🇹🇼 Vikings · Taiwan
673
+12
🇦🇷 Huns · Argentina
620
+13
🇨🇱 Celts · Chile
590
-12
🇲🇽 Britons · Mexico
582
-12
🇦🇺 Teutons · Australia
550
-11
Tosko9760
0:28 Loom
14:05 Feudal Age
16:23 Wheelbarrow
16:25 Double-Bit Axe
18:03 Town Watch
20:58 Horse Collar
26:47 Castle Age
24:55 Gold Mining
25:16 Stone Mining
26:49 Fletching
27:10 Forging
27:08 Padded Archer Armor
27:10 Scale Mail Armor
27:40 Bow Saw
27:40 Heavy Plow
30:48 Hand Cart
31:25 Fortified Wall
30:56 Treadmill Crane
31:38 Ballistics
36:03 Gold Shaft Mining
39:47 Imperial Age
37:48 Murder Holes
37:52 Guard Tower
38:17 Masonry
39:54 Town Patrol
41:32 Chemistry
41:15 Iron Casting
40:36 Bodkin Arrow
40:47 Scale Barding Armor
40:58 Leather Archer Armor
41:10 Yeomen
40:57 Squires
40:44 Gambesons
42:51 Caravan
44:21 Husbandry
43:42 Cavalier
43:42 Light Cavalry
43:46 Heavy Mounted Crossbowman
43:46 Cranequins
43:47 Crossbowman
43:48 Elite Skirmisher
43:51 Pikeman
44:17 Arson
45:15 Ring Archer Armor
46:29 Conscription
45:39 Halberdier
53:26 Two-Man Saw
miaumiaumiau
9:20 Loom
12:36 Feudal Age
14:11 Double-Bit Axe
16:24 Horse Collar
17:54 Gold Mining
17:58 Stone Mining
24:43 Castle Age
24:09 Forging
23:59 Scale Mail Armor
26:34 Bow Saw
26:38 Caravan
27:45 Wheelbarrow
28:13 Heavy Plow
32:33 Hand Cart
32:03 Town Watch
34:31 Town Patrol
40:53 Iron Casting
40:33 Chain Mail Armor
41:32 Gold Shaft Mining
41:33 Stone Shaft Mining
41:29 Stronghold
42:30 Gambesons
42:31 Arson
GarbageGamerGreg
0:32 Loom
16:43 Feudal Age
18:16 Wheelbarrow
17:35 Double-Bit Axe
18:57 Fletching
19:05 Town Watch
19:40 Stone Mining
19:43 Gold Mining
25:50 Castle Age
23:42 Horse Collar
26:35 Bodkin Arrow
26:51 Forging
26:42 Scale Mail Armor
26:59 Caravan
27:58 Hand Cart
28:08 Fortified Wall
28:31 Bow Saw
29:36 Ballistics
31:01 Town Patrol
34:43 Masonry
40:52 Imperial Age
40:01 Ironclad
42:34 Chemistry
41:40 Siege Engineers
42:09 Conscription
Alanvzqq
0:37 Loom
14:47 Feudal Age
16:05 Wheelbarrow
15:18 Double-Bit Axe
15:16 Horse Collar
17:27 Town Watch
20:45 Castle Age
19:33 Fishing Lines
22:09 Bow Saw
26:14 Gillnets
30:04 Heavy Plow
35:15 Fortified Wall
36:40 Masonry
37:00 Padded Archer Armor
41:41 Imperial Age
39:27 Hand Cart
40:21 Gold Mining
40:23 Stone Mining
40:49 Murder Holes
41:15 Ballistics
43:51 Chemistry
43:22 Architecture
43:19 Town Patrol
46:03 Caravan
45:52 Onager
46:45 Guilds
47:11 Coinage
47:07 Bombard Tower
50:48 Forging
50:38 Scale Mail Armor
50:43 Scale Barding Armor
50:29 Fletching
50:54 Leather Archer Armor
50:35 Guard Tower
50:31 Arrowslits
51:25 Supremacy
51:26 Conscription
50:37 Sappers
51:08 Inquisition
50:29 Elite Conquistador
51:45 Hoardings
52:04 Cavalier
52:44 Husbandry
52:55 Bloodlines
53:22 Iron Casting
54:56 Paladin
57:51 Blast Furnace
57:11 Chain Barding Armor
57:07 Chain Mail Armor
56:47 Bodkin Arrow
57:23 Ring Archer Armor
海霸天
0:49 Loom
12:36 Feudal Age
13:18 Horse Collar
13:27 Double-Bit Axe
17:21 Fishing Lines
22:01 Castle Age
21:29 Fletching
21:51 Gold Mining
21:51 Stone Mining
23:06 Bow Saw
23:01 Heavy Plow
22:56 Gillnets
28:52 Imperial Age
29:34 Fletching
29:44 Padded Archer Armor
30:17 Bodkin Arrow
32:17 Two-Man Saw
32:12 Conscription
34:36 Bogsveigar
35:43 Scale Mail Armor
36:56 Chain Mail Armor
36:53 Forging
36:48 Cavalier
38:00 Capped Ram
40:17 Iron Casting
39:58 Leather Archer Armor
40:12 Ballistics
42:24 Elite Berserk
50:56 Blast Furnace
50:01 Scale Barding Armor
51:30 Elite Varangian Guard
52:13 Squires
56:41 Chain Barding Armor
Imparabl3
0:31 Loom
12:40 Feudal Age
14:05 Wheelbarrow
13:26 Double-Bit Axe
13:26 Horse Collar
14:06 Town Watch
14:47 Gold Mining
15:07 Stone Mining
26:25 Castle Age
30:05 Hand Cart
34:10 Bow Saw
34:40 Gold Shaft Mining
34:10 Town Patrol
36:21 Husbandry
36:32 Bloodlines
35:43 Light Cavalry
40:30 Scale Barding Armor
40:26 Scale Mail Armor
40:37 Forging
40:19 Fletching
40:29 Padded Archer Armor
40:58 Ballistics
40:34 Murder Holes
40:51 Masonry
43:18 Imperial Age
43:18 Chain Barding Armor
43:13 Chain Mail Armor
43:34 Iron Casting
43:19 Caravan
43:51 Coinage
43:48 Cavalier
45:03 Paladin
46:58 Plate Barding Armor
46:39 Leather Archer Armor
46:20 Bodkin Arrow
46:34 Squires
45:55 Pikeman
46:21 Arson
45:57 Man-at-Arms
46:01 Hussar
47:47 Chemistry
46:55 Heavy Plow
48:03 Two-Man Saw
48:07 Blast Furnace
49:02 Conscription
48:13 Sappers
49:04 Atheism
48:45 Marauders
48:07 Elite Tarkan
Connection lost

Rejoining the realm…

Still unreachable

The connection could not be restored.

Session expired

The server has moved on; the page needs a fresh start.